 Dungeon Sprint DCSS version 0.31-a0-43-g46d131a48f (webtiles) character file.

Game seed: 15236958460297561422

3577 sircluck the Brawler (level 9, -18/105 HPs)
             Began as a Troll Berserker on May 19, 2023.
             Was an Elder of Trog.
             Demolished by a tentacle (24 damage)
             ... attached to a kraken
             ... while paralysed
             ... in the Dungeon (Sprint II: "The Violet Keep of Menkaure").
             The game lasted 00:03:19 (539 turns).

sircluck the Brawler (Troll Berserker)               Turns: 539, Time: 00:03:19

Health: -18/105    AC:  8    Str: 33 (35) XL:     9   Next: 84%
Magic:  8/8        EV:  1    Int:  0 (3)  God:    Trog [****..]
Gold:   160        SH:  0    Dex:  6 (7)  Spells: 8/8 levels left

rFire   + .          .
                       - Unarmed
rCold   . . .        (no shield)
rNeg    . . .        a - +0 animal skin
rPois   .            (helmet restricted)
rElec   .            (no cloak)
rCorr   .            (gloves unavailable)
SInv    .            (boots unavailable)
Will    .....        (no amulet)
Stlth   +            h - ring "Uskoal" {*Slow rF+ AC+4 Str+4 Slay+5}
HPRegen 1.17/turn    (no ring)
MPRegen 0.11/turn

%: no teleportation, random rage (3%), slow self (1%)
@: paralysed, slowed, lost intelligence, unable to read
A: large, unfitting armour, claws 3, regeneration 1, shaggy fur 1, tough skin 1,
berserk 1, clumsy 1, deterioration 1, subdued magic 1
a: Renounce Religion, Berserk, Trog's Hand, Brothers in Arms


You were in the Dungeon.
You worshipped Trog.
Trog was greatly pleased with you.
You visited 1 branch You collected 1061 gold pieces.
You spent 901 gold pieces at shops.

Inventory:

Armour
 a - a +0 animal skin (worn)
Jewellery
 h - the ring "Uskoal" (left claw) {*Slow rF+ AC+4 Str+4 Slay+5}
   (You bought it in a shop in the Dungeon)

   [ring of protection]

   AC:        It affects your AC (+4).
   Str:       It affects your strength (+4).
   Slay:      It affects your accuracy & damage with ranged weapons and melee
   (+5).
   rF:        It protects you from fire.
   *Slow:     It may slow you when you take damage.
Potions
 b - a potion of curing
 c - a potion of heal wounds
 d - a potion of haste
 e - 2 potions of magic
 f - a potion of berserk rage


   Skills:
 + Level 11.4 Fighting
 + Level 9.9 Dodging
 + Level 15.4 Unarmed Combat


You had 8 spell levels left.
You didn't know any spells.
Your spell library was empty.

Dungeon Overview and Level Annotations

Branches:
Dungeon (1/1)

Altars:
Cheibriados
Dithmenos
Elyvilon
Fedhas
Gozag
Hepliaklqana
Kikubaaqudgha
Makhleb
Nemelex Xobeh
Okawaru
Qazlal
Ru
Sif Muna
Trog
Uskayaw
Vehumet
Wu Jian
Xom
Yredelemnul
Zin
The Shining One
Jiyva
Lugonu

Shops:
D :?=*=(:![?(=!([

Annotations:
D exclusions: ice statue, oklob plant and orange crystal statue


Innate Abilities, Weirdness & Mutations

You are too large for most types of armour.
You have claws for hands.
Your natural rate of healing is unusually fast.
You are covered in fur. (AC +1)
You have tough skin. (AC +1)
You sometimes lose your temper in combat.
You are clumsy. (Dex -2)
Your body sometimes deteriorates upon taking damage.
Your spells are a little easier to cast, but a little less powerful.


Message History

The tentacle is moderately wounded.
The tentacle slaps you!
* * * LOW HITPOINT WARNING * * *
Your body deteriorates!
You feel weakened.
The tentacle slaps you but does no damage.
The kraken squirts a massive cloud of ink into the water!
Blink to where?
Press: ? - help, Q - select action, (/) - cycle Dir - move target Splash!
As you read the scroll of blinking, it crumbles to dust.
You start resting.
You feel yourself speed up.
You start resting.
The walls and floor vibrate strangely for a moment.
Tentacles burst out of the water!
A tentacle comes into view.
You barely miss the tentacle. The tentacle slaps you!!
Your body deteriorates!
You feel dopey.
You eviscerate the tentacle!!!
The tentacle is severely wounded.
The tentacle slaps you!
The kraken squirts a massive cloud of ink into the water!
You mangle the tentacle!!
You kill the tentacle!
A tentacle rises from the water!
The tentacle barely misses you. The tentacle closely misses you.
You scratch the tentacle but do no damage.
The tentacle slaps you!!
The kraken squirts a massive cloud of ink into the water!
You barely miss the tentacle. The tentacle slaps you!!
Your body deteriorates!
You feel dopey.
You have lost your intelligence.
The kraken squirts a massive cloud of ink into the water!
The tentacle slaps you!
* * * LOW HITPOINT WARNING * * *
Your body deteriorates!
You feel clumsy. The tentacle slaps you!
* * * LOW HITPOINT WARNING * * *
Your body deteriorates!
You feel weakened. The tentacle slaps you!!
You die...

*#.*,,*,,*,,,,,,,,**,⌠,*,*,+~,,~+
,+^###*,)▓$$)!?([(▓▓,,,*,*,+~,,~+
,*...####▓)$$?)("!▓▓,,,*,*,+~,,~+
**#..##.#▓!$!:([[$▓▓,,,*,*,+~,,~+
,,+..#..#▓$![?$?!(▓▓,,,*,*,+~,,~+
,,#..#†.#▓!$$)!$$?▓▓,⌠,*,*,*~,,~*
###^.##)#▓?$?![[$!▓▓,,,*,*,*~,,~*
.###..†##▓▓▓▓▓▓▓+▓▓▓▓+▓*,***~,,~*
...~~~~~~~~~~§§§@w─Xw≈▓,,,,,,,,**
...§#+########+###.ww≈▓,,,,,,,**
~..~#..._._._#SS~#*§§≈▓,,,,,,**
~~.~#_._._._.#S§≈§#*#*▓****~**
~~~~#._._._._#~§~§≈#*,,*,,*~*
≈§~~#_._._._.#~§§≈§≈*,,*,,*~*
≈§≈~#._._._..#~~~~§§+,,+,,*~*
##§§#_._._...#~§§§≈§*,,*,,*~*
,*§§#._._,,,,*~~~~~~*,,*,,*~*


You could see a kraken and 4 tentacles.

Vanquished Creatures
  2 boulder beetles (D)
  A yaktaur (D)
  A polar bear (D)
  2 wyverns (D)
  A vampire mosquito (D)
  4 neqoxecs (D)
  Menkaure (D)
  A water moccasin (D)
  4 necrophages (D)
  4 tentacles (D)
21 creatures vanquished.

Vanquished Creatures (collateral kills)
  2 polar bears (D)
  A hornet (D)
  A tentacle (D)
4 creatures vanquished.

Vanquished Creatures (others)
  2 tentacles (D)
2 creatures vanquished.

Grand Total: 27 creatures vanquished

Notes
Turn   | Place    | Note
-------+----------+-------------------------------------------
     0 | D        | sircluck the Troll Berserker began the quest for the Orb.
     0 | D        | Reached XP level 1. HP: 22/22 MP: 0/0
     1 | D        | Noticed a boulder beetle
     1 | D        | Noticed a boulder beetle
     5 | D        | Noticed a necrophage
     5 | D        | Noticed a necrophage
     5 | D        | Noticed a necrophage
     5 | D        | Noticed a necrophage
     9 | D        | Killed a necrophage
    10 | D        | Reached skill level 5 in Unarmed Combat
    10 | D        | Reached XP level 2. HP: 33/33 MP: 1/1
    10 | D        | Reached XP level 3. HP: 40/40 MP: 2/2
    15 | D        | Killed a necrophage
    16 | D        | Reached skill level 5 in Fighting
    16 | D        | Reached skill level 5 in Dodging
    16 | D        | Reached skill level 6 in Unarmed Combat
    16 | D        | Reached XP level 4. HP: 50/50 MP: 3/3
    19 | D        | Killed a necrophage
    19 | D        | Reached ** piety under Trog
    20 | D        | Reached skill level 7 in Unarmed Combat
    20 | D        | Reached XP level 5. HP: 59/59 MP: 4/4
    29 | D        | Found Zeidow's Antique Armour Shop.
    29 | D        | Found Duczuoj's Jewellery Boutique.
    29 | D        | Found Vok Vukk's Antique Weapon Shop.
    29 | D        | Found Jajorch's Antique Armour Boutique.
    29 | D        | Found Mibrauteik's Distillery.
    29 | D        | Found Gozesyth's Magic Scroll Shop.
    29 | D        | Found Wofioch's Book Boutique.
    30 | D        | Found Bigaoluk's Antique Weapon Boutique.
    30 | D        | Found Databoim's Jewellery Shop.
    30 | D        | Found Vuazem's General Store.
    30 | D        | Found Azomosol's Distillery.
    31 | D        | Found Jifruito's Jewellery Shop.
    31 | D        | Found Giuna's Magic Scroll Boutique.
    32 | D        | Found Nasche's Antique Weapon Boutique.
    32 | D        | Noticed Menkaure
    37 | D        | Killed Menkaure
    38 | D        | Reached skill level 8 in Unarmed Combat
    38 | D        | Reached XP level 6. HP: 22/71 MP: 5/5
    59 | D        | Noticed a wyvern
    59 | D        | Noticed a wyvern
    62 | D        | Killed a wyvern
    62 | D        | Reached *** piety under Trog
    63 | D        | Reached skill level 9 in Unarmed Combat
    64 | D        | Killed a wyvern
    65 | D        | Reached skill level 10 in Unarmed Combat
    65 | D        | Reached XP level 7. HP: 61/80 MP: 6/6
   108 | D        | Noticed a neqoxec
   110 | D        | Gained mutation: Your spells are a little easier to cast,
                  | but a little less powerful. [a neqoxec]
   125 | D        | Killed a neqoxec
   127 | D        | Noticed a neqoxec
   127 | D        | Noticed a neqoxec
   127 | D        | Noticed a neqoxec
   129 | D        | Killed a neqoxec
   129 | D        | Gained mutation: Your body sometimes deteriorates upon
                  | taking damage. [a neqoxec]
   130 | D        | Reached skill level 11 in Unarmed Combat
   134 | D        | Gained mutation: You sometimes lose your temper in combat.
                  | [a neqoxec]
   135 | D        | Killed a neqoxec
   135 | D        | Reached **** piety under Trog
   135 | D        | Gained mutation: You are clumsy. (Dex -2) [a neqoxec]
   136 | D        | Reached XP level 8. HP: 39/91 MP: 7/7
   229 | D        | Killed a boulder beetle
   230 | D        | Reached skill level 13 in Unarmed Combat
   246 | D        | Killed a boulder beetle
   247 | D        | Reached skill level 10 in Fighting
   247 | D        | Reached skill level 14 in Unarmed Combat
   247 | D        | Reached XP level 9. HP: 8/102 MP: 8/8
   321 | D        | Noticed an ice statue
   340 | D        | Noticed an oklob plant
   341 | D        | Found Wuuf's Book Shoppe.
   343 | D        | Noticed an iron elemental
   347 | D        | Noticed a hell hog
   350 | D        | Bought the ring "Uskoal" {*Slow rF+ AC+4 Str+4 Slay+5} for
                  | 811 gold pieces
   357 | D        | Bought a scroll of magic mapping for 90 gold pieces
   383 | D        | Noticed an orange crystal statue
   400 | D        | Found a glowing golden altar of the Shining One.
   400 | D        | Found an ornate altar of the Wu Jian Council.
   400 | D        | Found a stormy altar of Qazlal.
   401 | D        | Found a shimmering altar of Xom.
   401 | D        | Found a sacrificial altar of Ru.
   401 | D        | Found a hazy altar of Hepliaklqana.
   403 | D        | Found a basalt altar of Yredelemnul.
   403 | D        | Found a shimmering blue altar of Sif Muna.
   403 | D        | Found a viscous altar of Jiyva.
   405 | D        | Found a glowing silver altar of Zin.
   405 | D        | Found a bloodstained altar of Trog.
   405 | D        | Found an ancient bone altar of Kikubaaqudgha.
   405 | D        | Found a snail-covered altar of Cheibriados.
   407 | D        | Found a hide-covered altar of Uskayaw.
   407 | D        | Found a corrupted altar of Lugonu.
   407 | D        | Found a shadowy altar of Dithmenos.
   408 | D        | Found a radiant altar of Vehumet.
   408 | D        | Found a burning altar of Makhleb.
   408 | D        | Found a white marble altar of Elyvilon.
   409 | D        | Found a sparkling altar of Nemelex Xobeh.
   409 | D        | Found a blossoming altar of Fedhas.
   411 | D        | Found an iron altar of Okawaru.
   411 | D        | Found an opulent altar of Gozag.
   414 | D        | Noticed a yaktaur
   414 | D        | Noticed a polar bear
   414 | D        | Noticed a polar bear
   416 | D        | Killed a polar bear
   418 | D        | Killed a polar bear
   420 | D        | Reached skill level 15 in Unarmed Combat
   421 | D        | Noticed a polar bear
   422 | D        | Killed a yaktaur
   426 | D        | Killed a polar bear
   443 | D        | Noticed a kraken
   537 | D        | Lost intelligence.
   538 | D        | HP: 5/105 [tentacle[a kraken] (17)]
   539 | D        | Demolished by a tentacle

Illustrated notes

Levels and vault maps discovered:
D:        the_violet_keep_of_menkaure [sprint2_stairs_cluster_1,
          sprint2_shoproom, sprint2_temple, sprint2_basic_supplies,
          sprint2_obstacle_4, sprint2_obstacle_5, sprint2_obstacle_2,
          sprint2_obstacle_6, sprint2_obstacle_3, sprint2_timed_cluster_1,
          sprint2_smallroom_cluster_1, sprint2_smallroom_final_cluster_1,
          sprint2_transparent_cluster_1, sprint2_second_timed_cluster_1,
          sprint2_sniper_area_1, sprint2_heavy_combat_area_1,
          sprint2_mutation_trap_area_1, sprint2_forest_area_1,
          sprint2_light_combat_area_1, sprint2_behind_water_1,
          sprint2_near_end_vault_1]

Skill      XL: |  1  2  3  4  5  6  7  8  9 |
---------------+----------------------------+-----
Fighting       | 4 5 7 8 10 11 | 11.4
Dodging        | 4 5 6 7 8 9 |  9.9
Unarmed Combat | 5 6 7 8 10 11 14 15 | 15.4

Action                     |  1- 3 |  4- 6 |  7- 9 || total
---------------------------+-------+-------+-------++-------
  Melee: Unarmed           |     8 |    15 |    70 ||    93
         Punch             |       |     1 |     2 ||     3
 Invoke: Berserk           |     1 |       |     1 ||     2
         Brothers in Arms  |       |       |     2 ||     2
    Use: Scroll            |       |       |     2 ||     2
 Armour: Animal skin       |     1 |       |     9 ||    10
  Dodge: Dodged            |     2 |     5 |    20 ||    27

Table legend: (Time is in decaauts)
 A = Elapsed time spent in this place.
 B = Non-inter-level travel time spent in this place.
 C = Inter-level travel time spent in this place.
 D = Time resting spent in this place.
 E = Time spent auto-exploring this place.
 F = Levels seen in this place.
 G = Mean time per level.
                   A        B        C        D        E       F      G
               +--------+--------+--------+--------+--------+-----+--------+
         Total |    538 |    508 |     30 |    164 |    117 |   1 |  538.0 |
       Dungeon |    538 |    508 |     30 |    164 |    117 |   1 |  538.0 |
               +--------+--------+--------+--------+--------+-----+--------+

Top non-repeatable levels by time:
       D: 538 daAuts
